Canucks vs Senateurs
(R1)
Created - January 30, 2020 at 19:00
Goals
|
Canucks |
1 |
1 |
2 |
4 |
Senateurs |
0 |
1 |
2 |
3 |
|
Shots
|
Canucks |
7 |
11 |
10 |
28 |
Senateurs |
8 |
10 |
10 |
28 |
|
1st period
1. Canucks , Marc Savard 8 (Jordie Benn 3) at 5:46 (SH)
Penalties :
Jamie McBain (Van) for Hooking (Minor) at 5:12, Nick Palmieri (Van) for Hooking (Minor) at 7:53, Phil Kessel (Ott) for Cross-checking (Minor) at 13:45, Dion Phaneuf (Ott) for Tripping (Minor) at 14:09, Duncan Keith (Ott) for Holding Stick (Minor) at 19:14
2nd period
2. Canucks , Robert Nilsson 15 (Jamie McBain 36) at 13:13 (PP)
3. Senateurs , Phil Kessel 22 (Jamie Benn 20, Sidney Crosby 32) at 13:29 (PP)
Penalties :
Phil Kessel (Ott) for Holding (Minor) at 2:18, Jamie McBain (Van) for Hooking (Minor) at 6:18, Sidney Crosby (Ott) for Hooking (Minor) at 13:08, Robert Nilsson (Van) for Hooking (Minor) at 13:22, Nick Palmieri (Van) for Hooking (Minor) at 13:46, Phil Kessel (Ott) for Hooking (Minor) at 18:46
3rd period
4. Canucks , Nick Palmieri 17 (Jamie McBain 37, Robert Nilsson 24) at 0:08 (PP)
5. Senateurs , Sidney Crosby 30 (Phil Kessel 27, Dion Phaneuf 30) at 0:14
6. Senateurs , Nate Prosser 4 (Evgeni Malkin 28, Sidney Crosby 33) at 13:52
7. Canucks , Drew Fata 1 (Robert Nilsson 25) at 16:28
Penalties :
Nate Prosser (Ott) for Cross-checking (Minor) at 5:57, Nate Prosser (Ott) for Cross-checking (Minor) at 11:35, Robert Nilsson (Van) for Tripping (Minor) at 14:12, Jesper Fast (Van) for Slashing (Minor) at 17:31
Goalie Stats
Jacob Markstrom (Van), 25 saves from 28 shots - (0.893), W, 17-16-2, 60:00 minutes
Ondrej Pavelec (Ott), 24 saves from 28 shots - (0.857), L, 20-8-5, 60:00 minutes
Players Stats for Canucks
Player Name G A P +/- PIM S H SB GA TA FO MP PP MP PK MP
------------------------------------------------------------------------------------
Alex Goligoski 0 0 0 0 0 3 1 4 1 0 0/0 27:58 8:27 7:35
Brad Boyes 0 0 0 -1 0 3 0 0 0 0 0/0 6:59 0:06 0:00
Brandon Saad 0 0 0 0 0 2 1 1 0 0 1/3 10:59 4:09 0:00
Brandon Sutter 0 0 0 0 0 2 0 0 1 1 2/6 8:47 0:06 1:23
Colton Gillies 0 0 0 -1 0 0 0 0 0 0 3/7 6:39 0:00 0:00
Darren Helm 0 0 0 -1 0 0 0 0 0 0 0/0 9:39 0:06 1:53
Drew Fata 1 0 1 0 0 2 1 1 0 3 0/0 22:13 3:16 4:26
Jamie McBain 0 2 2 -2 4 5 1 1 1 0 0/0 29:57 8:30 4:54
Jason Zucker 0 0 0 0 0 1 1 1 0 0 1/1 19:14 7:31 0:00
Jeremy Morin 0 0 0 0 0 0 2 0 0 0 0/0 13:45 4:09 0:00
Jesper Fast 0 0 0 0 2 2 2 0 0 0 2/4 10:08 0:00 2:53
Jonathan Blum 0 0 0 0 0 0 1 1 0 0 0/0 9:54 0:03 0:00
Joni Pitkanen 0 0 0 1 0 0 3 1 0 0 0/0 17:23 3:16 4:26
Jordie Benn 0 1 1 1 0 1 0 0 0 0 0/0 12:51 0:00 2:41
Loui Eriksson 0 0 0 0 0 0 0 0 1 0 0/2 17:08 0:00 7:17
Marc Savard 1 0 1 1 0 3 2 0 0 0 5/5 17:15 4:09 3:21
Nick Palmieri 1 0 1 1 4 1 1 1 0 1 0/2 21:57 7:31 1:47
Robert Nilsson 1 2 3 0 4 3 0 0 0 0 27/44 25:06 7:31 5:28
Players Stats for Senateurs
Player Name G A P +/- PIM S H SB GA TA FO MP PP MP PK MP
------------------------------------------------------------------------------------
Carlo Colaiacovo 0 0 0 0 0 0 0 0 0 0 0/0 11:44 0:00 3:46
Cody Franson 0 0 0 1 0 2 4 1 1 1 0/0 32:02 7:45 7:23
Colby Armstrong 0 0 0 -1 0 1 1 2 0 0 0/0 13:13 5:04 0:00
Daniel Briere 0 0 0 0 0 1 2 0 0 0 2/6 11:25 0:00 2:47
Daniel Sedin 0 0 0 -1 0 0 0 0 0 1 0/0 13:13 5:04 0:00
Dion Phaneuf 0 1 1 1 2 3 1 6 0 1 0/0 30:55 7:45 6:14
Duncan Keith 0 0 0 -1 2 1 2 1 0 0 0/0 19:23 4:16 3:43
Evgeni Malkin 0 1 1 0 0 2 1 0 1 0 4/8 21:00 5:04 7:25
Jamie Benn 0 1 1 1 0 1 3 0 0 0 1/1 19:10 6:55 0:05
Mark Giordano 0 0 0 0 0 1 0 0 0 0 0/0 8:00 0:00 0:11
Michel Ouellet 0 0 0 -1 0 1 0 0 0 0 1/1 6:23 0:00 0:00
Nate Prosser 1 0 1 0 4 1 0 0 0 0 0/0 18:16 4:16 2:14
Phil Kessel 1 1 2 1 6 4 2 0 1 1 0/2 21:13 6:57 1:52
Radim Vrbata 0 0 0 0 0 1 1 0 0 0 0/1 10:54 0:00 1:51
Ryan Hollweg 0 0 0 -1 0 2 1 0 0 0 0/1 6:52 0:00 0:00
Sergei Kostitsyn 0 0 0 0 0 3 0 1 0 0 0/0 9:20 0:02 0:00
Sidney Crosby 1 2 3 2 2 4 0 0 1 0 22/49 26:51 6:57 7:43
Stephane Da Costa 0 0 0 -1 0 0 1 0 1 0 3/5 6:37 0:00 0:14
3 Stars
1 - Sidney Crosby (Ott)
2 - Marc Savard (Van)
3 - Robert Nilsson (Van)
Power Play
Canucks - 2 on 8 Attempt(s) - 25.00%
Senateurs - 1 on 7 Attempt(s) - 14.29%
Penalty Kill
Canucks - 6 on 7 Attempt(s) - 85.71%
- Score 1 goal in Penalty Kill
Senateurs - 6 on 8 Attempt(s) - 75.00%
- Score 0 goal in Penalty Kill
Team Stat
Canucks - Hits : 16 - Faceoff Wins : 41 - Blocked Shots : 11 - Penalty Minutes : 14
Senateurs - Hits : 19 - Faceoff Wins : 33 - Blocked Shots : 11 - Penalty Minutes : 16
Official
Referees : Unknown
Linesman : Unknown
Game Notes
6:32 of 3rd period - Canucks goal is going for a video replay. After video review, No Goal. The goalkeeper has been pushed into the net together with the puck after making a save.
Finance
Level 1 -- Attendance: 5513 (91.88%) -- Ticket Income $567,839
Level 2 -- Attendance: 4137 (82.74%) -- Ticket Income $281,316
Level 3 -- Attendance: 2000 (100.00%) -- Ticket Income $86,000
Level 4 -- Attendance: 3650 (91.25%) -- Ticket Income $102,200
Luxury Box -- Attendance: 969 (96.90%) -- Ticket Income $174,420
Game was played at the Place Banque Scotia.
Total Attendance: 16269 (90.38%)
Total Ticket Income: $1,211,775
Other Income: $181,766
Total Income: $1,393,541
Canucks
5 vs 5 Forward
Center Left Wing Right Wing Time % Phy DF OF
1 Robert Nilsson Jason Zucker Nick Palmieri 50 1 2 2
2 Marc Savard Loui Eriksson Jeremy Morin 35 1 2 2
3 Brandon Sutter Brandon Saad Jesper Fast 10 1 2 2
4 Colton Gillies Darren Helm Brad Boyes 5 1 2 2
5 vs 5 Defense
Defense Defense Time % Phy DF OF
1 Jamie McBain Drew Fata 40 1 2 2
2 Joni Pitkanen Alex Goligoski 30 1 2 2
3 Jonathan Blum Jordie Benn 20 1 2 2
4 Jamie McBain Alex Goligoski 10 1 2 2
PowerPlay Forward
Center Left Wing Right Wing Time % Phy DF OF
1 Robert Nilsson Jason Zucker Nick Palmieri 60 1 2 2
2 Marc Savard Brandon Saad Jeremy Morin 40 1 2 2
PowerPlay Defense
Defense Defense Time % Phy DF OF
1 Jamie McBain Alex Goligoski 60 1 2 2
2 Joni Pitkanen Drew Fata 40 1 2 2
Penalty Kill 4 Players Forward
Center Wing Time % Phy DF OF
1 Robert Nilsson Loui Eriksson 60 1 2 2
2 Marc Savard Nick Palmieri 40 1 2 2
Penalty Kill 4 Players Defense
Defense Defense Time % Phy DF OF
1 Jamie McBain Alex Goligoski 60 1 2 2
2 Joni Pitkanen Drew Fata 40 1 2 2
Penalty Kill - 3 Players Forward
Forward Time % Phy DF OF
1 Robert Nilsson 60 1 2 2
2 Loui Eriksson 40 1 2 2
Penalty Kill - 3 Players Defense
Defense Defense Time % Phy DF OF
1 Jamie McBain Alex Goligoski 60 1 2 2
2 Joni Pitkanen Drew Fata 40 1 2 2
4 vs 4 Forward
Center Wing Time % Phy DF OF
1 Robert Nilsson Loui Eriksson 60 1 2 2
2 Marc Savard Nick Palmieri 40 1 2 2
4 vs 4 Defense
Defense Defense Time % Phy DF OF
1 Jamie McBain Alex Goligoski 60 1 2 2
2 Joni Pitkanen Drew Fata 40 1 2 2
Last Minutes Offensive
Center Left Wing Right Wing Defense Defense
Robert Nilsson Loui Eriksson Nick Palmieri Jamie McBain Alex Goligoski
Last Minutes Defensive
Center Left Wing Right Wing Defense Defense
Robert Nilsson Loui Eriksson Nick Palmieri Jamie McBain Alex Goligoski
Goaltenders
Starting : Jacob Markstrom
Backup : Martin Jones
Extra Forwards
Normal : Brandon Sutter, Jeremy Morin, Jesper Fast - PP : Brandon Sutter, Jeremy Morin - PK : Jesper Fast
Extra Defensemen
Normal : Jonathan Blum, Jordie Benn, Joni Pitkanen - PP : Jonathan Blum - PK : Jordie Benn, Joni Pitkanen
Penalty Shots
Robert Nilsson, Loui Eriksson, Marc Savard, Nick Palmieri, Brandon Sutter
Scratches
Kurtis Foster (Bruised Left Shoulder Injury), Scottie Upshall (Healthy)
Senateurs
5 vs 5 Forward
Center Left Wing Right Wing Time % Phy DF OF
1 Sidney Crosby Jamie Benn Phil Kessel 40 1 2 2
2 Evgeni Malkin Daniel Sedin Colby Armstrong 30 1 2 2
3 Daniel Briere Sergei Kostitsyn Radim Vrbata 20 1 2 2
4 Stephane Da Costa Ryan Hollweg Michel Ouellet 10 1 2 2
5 vs 5 Defense
Defense Defense Time % Phy DF OF
1 Dion Phaneuf Cody Franson 40 1 2 2
2 Duncan Keith Nate Prosser 30 1 2 2
3 Mark Giordano Carlo Colaiacovo 20 1 2 2
4 Dion Phaneuf Cody Franson 10 1 2 2
PowerPlay Forward
Center Left Wing Right Wing Time % Phy DF OF
1 Sidney Crosby Jamie Benn Phil Kessel 60 1 2 2
2 Evgeni Malkin Daniel Sedin Colby Armstrong 40 1 2 2
PowerPlay Defense
Defense Defense Time % Phy DF OF
1 Dion Phaneuf Cody Franson 60 1 2 2
2 Duncan Keith Nate Prosser 40 1 2 2
Penalty Kill 4 Players Forward
Center Wing Time % Phy DF OF
1 Sidney Crosby Evgeni Malkin 60 1 2 2
2 Phil Kessel Daniel Briere 40 1 2 2
Penalty Kill 4 Players Defense
Defense Defense Time % Phy DF OF
1 Dion Phaneuf Cody Franson 60 1 2 2
2 Duncan Keith Nate Prosser 40 1 2 2
Penalty Kill - 3 Players Forward
Forward Time % Phy DF OF
1 Sidney Crosby 60 1 2 2
2 Evgeni Malkin 40 1 2 2
Penalty Kill - 3 Players Defense
Defense Defense Time % Phy DF OF
1 Dion Phaneuf Cody Franson 60 1 2 2
2 Duncan Keith Nate Prosser 40 1 2 2
4 vs 4 Forward
Center Wing Time % Phy DF OF
1 Sidney Crosby Evgeni Malkin 60 1 2 2
2 Phil Kessel Daniel Briere 40 1 2 2
4 vs 4 Defense
Defense Defense Time % Phy DF OF
1 Dion Phaneuf Cody Franson 60 1 2 2
2 Duncan Keith Nate Prosser 40 1 2 2
Last Minutes Offensive
Center Left Wing Right Wing Defense Defense
Sidney Crosby Jamie Benn Phil Kessel Dion Phaneuf Cody Franson
Last Minutes Defensive
Center Left Wing Right Wing Defense Defense
Sidney Crosby Jamie Benn Phil Kessel Dion Phaneuf Cody Franson
Goaltenders
Starting : Ondrej Pavelec
Backup : Roberto Luongo
Extra Forwards
Normal : Sergei Kostitsyn, Ryan Hollweg, Radim Vrbata - PP : Sergei Kostitsyn, Ryan Hollweg - PK : Radim Vrbata
Extra Defensemen
Normal : Mark Giordano, Carlo Colaiacovo, Duncan Keith - PP : Mark Giordano - PK : Carlo Colaiacovo, Duncan Keith
Penalty Shots
Sidney Crosby, Evgeni Malkin, Phil Kessel, Daniel Briere, Jamie Benn
Scratches
Chris Kunitz (Healthy), Arturs Kulda (Healthy)
% Time on Ice - Canucks
Lines # - Real PCT - Wanted PCT - Time Play
Normal Forward
1 - 34% - 50% - 12:10
2 - 28% - 35% - 10:07
3 - 19% - 10% - 6:51
4 - 19% - 5% - 6:39
Normal Defense
1 - 43% - 40% - 15:27
2 - 27% - 30% - 9:41
3 - 26% - 20% - 9:25
4 - 3% - 10% - 1:14
PP Forward
1 - 65% - 60% - 7:37
2 - 35% - 40% - 4:09
PP Defense
1 - 72% - 60% - 8:30
2 - 28% - 40% - 3:16
PK Forward
1 - 72% - 60% - 8:39
2 - 28% - 40% - 3:22
PK Defense
1 - 63% - 60% - 7:35
2 - 37% - 40% - 4:26
PK3 Forward
1 - 0% - 60%
2 - 0% - 40%
PK3 Defense
1 - 0% - 60%
2 - 0% - 40%
44 Forward
1 - 0% - 60%
2 - 0% - 40%
44 Defense
1 - 0% - 60%
2 - 0% - 40%
Last Minute Offensive - 0:00
Last Minute Defensive - 0:26
Total
Forward - 60:00
Defense - 60:00
|
% Time on Ice - Senateurs
Lines # - Real PCT - Wanted PCT - Time Play
Normal Forward
1 - 35% - 40% - 12:27
2 - 24% - 30% - 8:31
3 - 23% - 20% - 8:23
4 - 18% - 10% - 6:23
Normal Defense
1 - 44% - 40% - 15:43
2 - 32% - 30% - 11:30
3 - 22% - 20% - 7:47
4 - 2% - 10% - 0:44
PP Forward
1 - 58% - 60% - 6:57
2 - 42% - 40% - 5:04
PP Defense
1 - 64% - 60% - 7:45
2 - 36% - 40% - 4:16
PK Forward
1 - 72% - 60% - 7:22
2 - 28% - 40% - 2:49
PK Defense
1 - 64% - 60% - 6:30
2 - 36% - 40% - 3:41
PK3 Forward
1 - 69% - 60% - 1:06
2 - 31% - 40% - 0:29
PK3 Defense
1 - 67% - 60% - 1:04
2 - 33% - 40% - 0:31
44 Forward
1 - 0% - 60%
2 - 0% - 40%
44 Defense
1 - 0% - 60%
2 - 0% - 40%
Last Minute Offensive - 0:29
Last Minute Defensive - 0:00
Total
Forward - 60:00
Defense - 60:00
|
Play-by-Play
1st period
0:01 of 1st period - Sidney Crosby wins face-off versus Robert Nilsson in neutral zone.
0:12 of 1st period - Slapshot by Phil Kessel.
0:12 of 1st period - Shot Blocked by Drew Fata.
1:02 of 1st period - Jordie Benn is hit by Stephane Da Costa and loses puck.
1:46 of 1st period - Drew Fata is hit by Jamie Benn and loses puck.
2:09 of 1st period - Snap shot by Brad Boyes.
2:09 of 1st period - Stopped by Ondrej Pavelec with a rebound.
2:19 of 1st period - Wrist shot by Stephane Da Costa.
2:19 of 1st period - Shot Misses the Net.
2:21 of 1st period - Snap shot by Mark Giordano.
2:21 of 1st period - Shot Blocked by Joni Pitkanen.
2:23 of 1st period - Slapshot by Carlo Colaiacovo.
2:23 of 1st period - Deflect By Ryan Hollweg.
2:23 of 1st period - Shot Misses the Net.
2:23 of 1st period - Puck is out of play.
2:24 of 1st period - Robert Nilsson wins face-off versus Ryan Hollweg in Canucks zone.
3:14 of 1st period - Carlo Colaiacovo is hit by Jonathan Blum and loses puck.
3:40 of 1st period - Mark Giordano is hit by Joni Pitkanen and loses puck.
4:03 of 1st period - Wrist shot by Ryan Hollweg.
4:03 of 1st period - Shot Misses the Net.
4:25 of 1st period - Wrist shot by Sidney Crosby.
4:25 of 1st period - Stopped by Jacob Markstrom without a rebound.
4:26 of 1st period - Evgeni Malkin wins face-off versus Robert Nilsson in Canucks zone.
4:52 of 1st period - Jeremy Morin is hit by Cody Franson.
5:12 of 1st period - Minor Penalty to Jamie McBain for Hooking.
5:13 of 1st period - Robert Nilsson wins face-off versus Sidney Crosby in Canucks zone.
5:24 of 1st period - Wrist shot by Phil Kessel.
5:24 of 1st period - Shot Misses the Net.
5:26 of 1st period - Wrist shot by Sidney Crosby.
5:26 of 1st period - Shot Misses the Net.
5:46 of 1st period - Snap shot by Marc Savard.
5:46 of 1st period - Goal by Marc Savard - Canucks : 1 - Senateurs : 0.
5:47 of 1st period - Robert Nilsson wins face-off versus Sidney Crosby in neutral zone.
5:52 of 1st period - Wrist shot by Loui Eriksson.
5:52 of 1st period - Shot Misses the Net.
5:54 of 1st period - Snap shot by Robert Nilsson.
5:54 of 1st period - Shot Misses the Net.
5:56 of 1st period - Slapshot by Alex Goligoski.
5:56 of 1st period - Stopped by Ondrej Pavelec with a rebound.
5:58 of 1st period - Slapshot by Jordie Benn.
5:58 of 1st period - Stopped by Ondrej Pavelec without a rebound.
5:59 of 1st period - Sidney Crosby wins face-off versus Robert Nilsson in Senateurs zone.
7:12 of 1st period - Penalty to Jamie McBain is over, Jamie McBain is back on ice.
7:23 of 1st period - Slapshot by Alex Goligoski.
7:23 of 1st period - Deflect By Brandon Sutter.
7:23 of 1st period - Shot Blocked by Sergei Kostitsyn.
7:23 of 1st period - Puck is out of play.
7:24 of 1st period - Daniel Briere wins face-off versus Brandon Saad in Senateurs zone.
7:34 of 1st period - Snap shot by Radim Vrbata.
7:34 of 1st period - Stopped by Jacob Markstrom without a rebound.
7:35 of 1st period - Sidney Crosby wins face-off versus Robert Nilsson in Canucks zone.
7:44 of 1st period - Backhand shot by Phil Kessel.
7:44 of 1st period - Stopped by Jacob Markstrom without a rebound.
7:45 of 1st period - Sidney Crosby wins face-off versus Robert Nilsson in Canucks zone.
7:48 of 1st period - Slapshot by Phil Kessel.
7:48 of 1st period - Shot Blocked by Alex Goligoski.
7:53 of 1st period - Minor Penalty to Nick Palmieri for Hooking.
7:54 of 1st period - Robert Nilsson wins face-off versus Phil Kessel in Canucks zone.
7:54 of 1st period - Robert Nilsson is hit by Dion Phaneuf.
9:53 of 1st period - Penalty to Nick Palmieri is over, Nick Palmieri is back on ice.
10:52 of 1st period - Sidney Crosby is hit by Alex Goligoski and loses puck.
11:03 of 1st period - Dion Phaneuf is hit by Nick Palmieri and loses puck.
11:50 of 1st period - Jonathan Blum is hit by Daniel Briere.
12:21 of 1st period - Stephane Da Costa is hit by Jesper Fast and loses puck.
12:28 of 1st period - Slapshot by Duncan Keith.
12:28 of 1st period - Shot Misses the Net.
12:30 of 1st period - Wrist shot by Michel Ouellet.
12:30 of 1st period - Stopped by Jacob Markstrom with a rebound.
12:32 of 1st period - Wrist shot by Michel Ouellet.
12:32 of 1st period - Shot Misses the Net.
13:02 of 1st period - Wrist shot by Marc Savard.
13:02 of 1st period - Stopped by Ondrej Pavelec without a rebound.
13:03 of 1st period - Marc Savard wins face-off versus Evgeni Malkin in Senateurs zone.
13:40 of 1st period - Slapshot by Robert Nilsson.
13:40 of 1st period - Deflect By Jason Zucker.
13:40 of 1st period - Shot Misses the Net.
13:40 of 1st period - Puck is out of play.
13:41 of 1st period - Robert Nilsson wins face-off versus Sidney Crosby in Senateurs zone.
13:45 of 1st period - Minor Penalty to Phil Kessel for Cross-checking.
13:46 of 1st period - Sidney Crosby wins face-off versus Robert Nilsson in Senateurs zone.
14:09 of 1st period - Minor Penalty to Dion Phaneuf for Tripping.
14:10 of 1st period - Sidney Crosby wins face-off versus Robert Nilsson in Senateurs zone.
15:45 of 1st period - Penalty to Phil Kessel is over, Phil Kessel is back on ice.
16:09 of 1st period - Penalty to Dion Phaneuf is over, Dion Phaneuf is back on ice.
16:43 of 1st period - Slapshot by Dion Phaneuf.
16:43 of 1st period - Deflect By Stephane Da Costa.
16:43 of 1st period - Shot Blocked by Brandon Saad.
16:43 of 1st period - Puck is out of play.
16:44 of 1st period - Stephane Da Costa wins face-off versus Brandon Sutter in Canucks zone.
16:49 of 1st period - Snap shot by Ryan Hollweg.
16:49 of 1st period - Stopped by Jacob Markstrom without a rebound.
16:50 of 1st period - Brandon Saad wins face-off versus Sidney Crosby in Canucks zone.
17:05 of 1st period - Snap shot by Sidney Crosby.
17:05 of 1st period - Shot Misses the Net.
17:11 of 1st period - Sidney Crosby is hit by Brandon Saad and loses puck.
17:20 of 1st period - Wrist shot by Brandon Sutter.
17:20 of 1st period - Stopped by Ondrej Pavelec without a rebound.
17:21 of 1st period - Evgeni Malkin wins face-off versus Robert Nilsson in Senateurs zone.
17:26 of 1st period - Slapshot by Dion Phaneuf.
17:26 of 1st period - Stopped by Jacob Markstrom with a rebound.
17:28 of 1st period - Wrist shot by Evgeni Malkin.
17:28 of 1st period - Shot Misses the Net.
17:30 of 1st period - Slapshot by Cody Franson.
17:30 of 1st period - Stopped by Jacob Markstrom with a rebound.
17:32 of 1st period - Snap shot by Daniel Sedin.
17:32 of 1st period - Shot Blocked by Alex Goligoski.
18:17 of 1st period - Slapshot by Duncan Keith.
18:17 of 1st period - Stopped by Jacob Markstrom without a rebound.
18:18 of 1st period - Sidney Crosby wins face-off versus Colton Gillies in Canucks zone.
18:47 of 1st period - Wrist shot by Brad Boyes.
18:47 of 1st period - Shot Blocked by Duncan Keith.
19:14 of 1st period - Minor Penalty to Duncan Keith for Holding Stick.
19:15 of 1st period - Jason Zucker wins face-off versus Sidney Crosby in Senateurs zone.
19:17 of 1st period - Slapshot by Jamie McBain.
19:17 of 1st period - Shot Misses the Net.
19:19 of 1st period - Wrist shot by Jamie McBain.
19:19 of 1st period - Shot Misses the Net.
19:21 of 1st period - Wrist shot by Jason Zucker.
19:21 of 1st period - Shot Misses the Net.
19:23 of 1st period - Slapshot by Alex Goligoski.
19:23 of 1st period - Shot Blocked by Dion Phaneuf.
19:25 of 1st period - Slapshot by Jamie McBain.
19:25 of 1st period - Stopped by Ondrej Pavelec without a rebound.
19:26 of 1st period - Robert Nilsson wins face-off versus Sidney Crosby in Senateurs zone.
19:33 of 1st period - Wrist shot by Nick Palmieri.
19:33 of 1st period - Deflect By Jason Zucker.
19:33 of 1st period - Shot Blocked by Dion Phaneuf.
19:33 of 1st period - Puck is out of play.
19:34 of 1st period - Robert Nilsson wins face-off versus Sidney Crosby in Senateurs zone.
19:43 of 1st period - Slapshot by Jamie McBain.
19:43 of 1st period - Shot Misses the Net.
Goals for this period are 1 for Canucks vs 0 for Senateurs.
Shots for this period are 7 for Canucks vs 8 for Senateurs.
2nd period
0:01 of 2nd period - Robert Nilsson wins face-off versus Sidney Crosby in neutral zone.
1:14 of 2nd period - Penalty to Duncan Keith is over, Duncan Keith is back on ice.
1:20 of 2nd period - Slapshot by Ryan Hollweg.
1:20 of 2nd period - Deflect By Michel Ouellet.
1:20 of 2nd period - Shot Misses the Net.
1:20 of 2nd period - Puck is out of play.
1:21 of 2nd period - Stephane Da Costa wins face-off versus Colton Gillies in Canucks zone.
1:22 of 2nd period - Slapshot by Cody Franson.
1:22 of 2nd period - Deflect By Michel Ouellet.
1:22 of 2nd period - Shot Misses the Net.
1:22 of 2nd period - Puck is out of play.
1:23 of 2nd period - Colton Gillies wins face-off versus Stephane Da Costa in Canucks zone.
1:28 of 2nd period - Snap shot by Brad Boyes.
1:28 of 2nd period - Stopped by Ondrej Pavelec with a rebound.
1:35 of 2nd period - Icing by Jordie Benn.
1:36 of 2nd period - Sidney Crosby wins face-off versus Colton Gillies in Canucks zone.
1:37 of 2nd period - Wrist shot by Phil Kessel.
1:37 of 2nd period - Shot Misses the Net.
1:56 of 2nd period - Slapshot by Brad Boyes.
1:56 of 2nd period - Stopped by Ondrej Pavelec with a rebound.
2:14 of 2nd period - Snap shot by Colton Gillies.
2:14 of 2nd period - Deflect By Darren Helm.
2:14 of 2nd period - Shot Misses the Net.
2:14 of 2nd period - Puck is out of play.
2:15 of 2nd period - Robert Nilsson wins face-off versus Sidney Crosby in Senateurs zone.
2:16 of 2nd period - Slapshot by Jamie McBain.
2:16 of 2nd period - Stopped by Ondrej Pavelec with a rebound.
2:18 of 2nd period - Minor Penalty to Phil Kessel for Holding.
2:19 of 2nd period - Sidney Crosby wins face-off versus Robert Nilsson in Senateurs zone.
2:54 of 2nd period - Marc Savard is hit by Duncan Keith and loses puck.
4:18 of 2nd period - Penalty to Phil Kessel is over, Phil Kessel is back on ice.
4:39 of 2nd period - Jamie McBain is hit by Ryan Hollweg and loses puck.
5:00 of 2nd period - Wrist shot by Colby Armstrong.
5:00 of 2nd period - Shot Hit the Post.
5:19 of 2nd period - Off-side.
5:20 of 2nd period - Daniel Briere wins face-off versus Brandon Sutter in neutral zone.
5:23 of 2nd period - Slapshot by Sergei Kostitsyn.
5:23 of 2nd period - Deflect By Daniel Briere.
5:23 of 2nd period - Stopped by Jacob Markstrom without a rebound.
5:24 of 2nd period - Robert Nilsson wins face-off versus Daniel Briere in Canucks zone.
5:45 of 2nd period - Wrist shot by Radim Vrbata.
5:45 of 2nd period - Shot Blocked by Nick Palmieri.
5:47 of 2nd period - Wrist shot by Radim Vrbata.
5:47 of 2nd period - Shot Misses the Net.
5:49 of 2nd period - Wrist shot by Sergei Kostitsyn.
5:49 of 2nd period - Stopped by Jacob Markstrom with a rebound.
5:51 of 2nd period - Snap shot by Dion Phaneuf.
5:51 of 2nd period - Shot Misses the Net.
5:53 of 2nd period - Snap shot by Daniel Briere.
5:53 of 2nd period - Deflect By Sergei Kostitsyn.
5:53 of 2nd period - Shot Blocked by Jonathan Blum.
5:53 of 2nd period - Puck is out of play.
5:54 of 2nd period - Marc Savard wins face-off versus Sidney Crosby in Canucks zone.
5:59 of 2nd period - Slapshot by Drew Fata.
5:59 of 2nd period - Stopped by Ondrej Pavelec without a rebound.
6:00 of 2nd period - Marc Savard wins face-off versus Sidney Crosby in Senateurs zone.
6:05 of 2nd period - Snap shot by Marc Savard.
6:05 of 2nd period - Stopped by Ondrej Pavelec without a rebound.
6:06 of 2nd period - Robert Nilsson wins face-off versus Sidney Crosby in Senateurs zone.
6:18 of 2nd period - Minor Penalty to Jamie McBain for Hooking.
6:19 of 2nd period - Robert Nilsson wins face-off versus Sidney Crosby in Canucks zone.
6:45 of 2nd period - Alex Goligoski is hit by Evgeni Malkin and loses puck.
6:54 of 2nd period - Wrist shot by Colby Armstrong.
6:54 of 2nd period - Stopped by Jacob Markstrom with a rebound.
8:18 of 2nd period - Penalty to Jamie McBain is over, Jamie McBain is back on ice.
8:33 of 2nd period - Daniel Briere is hit by Jason Zucker.
8:57 of 2nd period - Icing by Drew Fata.
8:58 of 2nd period - Stephane Da Costa wins face-off versus Brandon Saad in Canucks zone.
8:59 of 2nd period - Snap shot by Michel Ouellet.
8:59 of 2nd period - Shot Misses the Net.
9:01 of 2nd period - Snap shot by Ryan Hollweg.
9:01 of 2nd period - Stopped by Jacob Markstrom without a rebound.
9:02 of 2nd period - Robert Nilsson wins face-off versus Evgeni Malkin in Canucks zone.
9:18 of 2nd period - Wrist shot by Jason Zucker.
9:18 of 2nd period - Stopped by Ondrej Pavelec without a rebound.
9:19 of 2nd period - Sidney Crosby wins face-off versus Loui Eriksson in Senateurs zone.
9:46 of 2nd period - Nick Palmieri is hit by Colby Armstrong.
9:56 of 2nd period - Snap shot by Dion Phaneuf.
9:56 of 2nd period - Stopped by Jacob Markstrom without a rebound.
9:57 of 2nd period - Marc Savard wins face-off versus Sidney Crosby in Canucks zone.
10:06 of 2nd period - Snap shot by Alex Goligoski.
10:06 of 2nd period - Stopped by Ondrej Pavelec with a rebound.
10:15 of 2nd period - Icing by Duncan Keith.
10:16 of 2nd period - Robert Nilsson wins face-off versus Sidney Crosby in Senateurs zone.
10:25 of 2nd period - Jamie Benn is hit by Drew Fata and loses puck.
12:13 of 2nd period - Daniel Sedin is hit by Jeremy Morin and loses puck.
12:32 of 2nd period - Slapshot by Joni Pitkanen.
12:32 of 2nd period - Shot Misses the Net.
12:54 of 2nd period - Nick Palmieri is hit by Cody Franson and loses puck.
13:08 of 2nd period - Minor Penalty to Sidney Crosby for Hooking.
13:09 of 2nd period - Robert Nilsson wins face-off versus Radim Vrbata in Senateurs zone.
13:13 of 2nd period - Snap shot by Robert Nilsson.
13:13 of 2nd period - Goal by Robert Nilsson - Canucks : 2 - Senateurs : 0.
13:14 of 2nd period - Sidney Crosby wins face-off versus Nick Palmieri in neutral zone.
13:22 of 2nd period - Minor Penalty to Robert Nilsson for Hooking.
13:23 of 2nd period - Sidney Crosby wins face-off versus Loui Eriksson in Canucks zone.
13:25 of 2nd period - Snap shot by Sidney Crosby.
13:25 of 2nd period - Shot Misses the Net.
13:27 of 2nd period - Wrist shot by Sidney Crosby.
13:27 of 2nd period - Stopped by Jacob Markstrom with a rebound.
13:29 of 2nd period - Wrist shot by Jamie Benn.
13:29 of 2nd period - Deflect By Phil Kessel.
13:29 of 2nd period - Goal by Phil Kessel - Canucks : 2 - Senateurs : 1.
13:30 of 2nd period - Robert Nilsson wins face-off versus Sidney Crosby in neutral zone.
13:33 of 2nd period - Wrist shot by Robert Nilsson.
13:33 of 2nd period - Shot Blocked by Cody Franson.
13:35 of 2nd period - Wrist shot by Robert Nilsson.
13:35 of 2nd period - Stopped by Ondrej Pavelec with a rebound.
13:37 of 2nd period - Snap shot by Robert Nilsson.
13:37 of 2nd period - Shot Misses the Net.
13:46 of 2nd period - Minor Penalty to Nick Palmieri for Hooking.
13:47 of 2nd period - Robert Nilsson wins face-off versus Phil Kessel in Canucks zone.
13:52 of 2nd period - Icing by Jamie Benn.
13:53 of 2nd period - Robert Nilsson wins face-off versus Sidney Crosby in Senateurs zone.
15:46 of 2nd period - Penalty to Nick Palmieri is over, Nick Palmieri is back on ice.
15:58 of 2nd period - Wrist shot by Radim Vrbata.
15:58 of 2nd period - Shot Hit the Post.
16:00 of 2nd period - Snap shot by Sergei Kostitsyn.
16:00 of 2nd period - Stopped by Jacob Markstrom with a rebound.
16:02 of 2nd period - Slapshot by Mark Giordano.
16:02 of 2nd period - Stopped by Jacob Markstrom with a rebound.
16:14 of 2nd period - Mark Giordano is hit by Jesper Fast and loses puck.
17:45 of 2nd period - Slapshot by Drew Fata.
17:45 of 2nd period - Shot Hit the Post.
18:12 of 2nd period - Brad Boyes is hit by Jamie Benn and loses puck.
18:29 of 2nd period - Snap shot by Evgeni Malkin.
18:29 of 2nd period - Stopped by Jacob Markstrom without a rebound.
18:30 of 2nd period - Brandon Sutter wins face-off versus Evgeni Malkin in Canucks zone.
18:34 of 2nd period - Drew Fata is hit by Cody Franson and loses puck.
18:39 of 2nd period - Snap shot by Brandon Sutter.
18:39 of 2nd period - Shot Blocked by Dion Phaneuf.
18:41 of 2nd period - Wrist shot by Jesper Fast.
18:41 of 2nd period - Shot Misses the Net.
18:43 of 2nd period - Slapshot by Jamie McBain.
18:43 of 2nd period - Stopped by Ondrej Pavelec without a rebound.
18:44 of 2nd period - Sidney Crosby wins face-off versus Robert Nilsson in Senateurs zone.
18:46 of 2nd period - Minor Penalty to Phil Kessel for Hooking.
18:47 of 2nd period - Sidney Crosby wins face-off versus Robert Nilsson in Senateurs zone.
18:53 of 2nd period - Jamie McBain is hit by Cody Franson and loses puck.
18:59 of 2nd period - Off-side.
19:00 of 2nd period - Sidney Crosby wins face-off versus Robert Nilsson in neutral zone.
19:08 of 2nd period - Off-side.
19:09 of 2nd period - Robert Nilsson wins face-off versus Sidney Crosby in neutral zone.
19:24 of 2nd period - Slapshot by Jamie McBain.
19:24 of 2nd period - Stopped by Ondrej Pavelec without a rebound.
19:25 of 2nd period - Sidney Crosby wins face-off versus Robert Nilsson in Senateurs zone.
Goals for this period are 1 for Canucks vs 1 for Senateurs.
Shots for this period are 11 for Canucks vs 10 for Senateurs.
3rd period
0:01 of 3rd period - Robert Nilsson wins face-off versus Sidney Crosby in neutral zone.
0:08 of 3rd period - Slapshot by Jamie McBain.
0:08 of 3rd period - Deflect By Nick Palmieri.
0:08 of 3rd period - Goal by Nick Palmieri - Canucks : 3 - Senateurs : 1.
0:09 of 3rd period - Sidney Crosby wins face-off versus Robert Nilsson in neutral zone.
0:12 of 3rd period - Slapshot by Dion Phaneuf.
0:12 of 3rd period - Deflect By Phil Kessel.
0:12 of 3rd period - Stopped by Jacob Markstrom with a rebound.
0:14 of 3rd period - Wrist shot by Sidney Crosby.
0:14 of 3rd period - Goal by Sidney Crosby - Canucks : 3 - Senateurs : 2.
0:15 of 3rd period - Robert Nilsson wins face-off versus Sidney Crosby in neutral zone.
0:20 of 3rd period - Snap shot by Robert Nilsson.
0:20 of 3rd period - Stopped by Ondrej Pavelec without a rebound.
0:21 of 3rd period - Robert Nilsson wins face-off versus Sidney Crosby in Senateurs zone.
0:22 of 3rd period - Slapshot by Jamie McBain.
0:22 of 3rd period - Shot Misses the Net.
1:10 of 3rd period - Slapshot by Brandon Sutter.
1:10 of 3rd period - Shot Misses the Net.
1:14 of 3rd period - Wrist shot by Alex Goligoski.
1:14 of 3rd period - Shot Blocked by Dion Phaneuf.
1:16 of 3rd period - Wrist shot by Joni Pitkanen.
1:16 of 3rd period - Shot Blocked by Dion Phaneuf.
1:18 of 3rd period - Snap shot by Brandon Saad.
1:18 of 3rd period - Stopped by Ondrej Pavelec with a rebound.
2:24 of 3rd period - Snap shot by Marc Savard.
2:24 of 3rd period - Shot Misses the Net.
3:06 of 3rd period - Snap shot by Phil Kessel.
3:06 of 3rd period - Shot Misses the Net.
3:08 of 3rd period - Snap shot by Jamie Benn.
3:08 of 3rd period - Shot Blocked by Jamie McBain.
3:10 of 3rd period - Slapshot by Nate Prosser.
3:10 of 3rd period - Shot Misses the Net.
3:12 of 3rd period - Wrist shot by Duncan Keith.
3:12 of 3rd period - Shot Blocked by Jason Zucker.
3:21 of 3rd period - Off-side.
3:22 of 3rd period - Colton Gillies wins face-off versus Daniel Briere in neutral zone.
3:52 of 3rd period - Loui Eriksson is hit by Jamie Benn and loses puck.
4:07 of 3rd period - Joni Pitkanen is hit by Duncan Keith.
5:01 of 3rd period - Icing by Dion Phaneuf.
5:02 of 3rd period - Brandon Sutter wins face-off versus Sidney Crosby in Senateurs zone.
5:15 of 3rd period - Snap shot by Jesper Fast.
5:15 of 3rd period - Stopped by Ondrej Pavelec with a rebound.
5:17 of 3rd period - Slapshot by Jamie McBain.
5:17 of 3rd period - Deflect By Jesper Fast.
5:17 of 3rd period - Stopped by Ondrej Pavelec without a rebound.
5:18 of 3rd period - Robert Nilsson wins face-off versus Evgeni Malkin in Senateurs zone.
5:19 of 3rd period - Slapshot by Jamie McBain.
5:19 of 3rd period - Stopped by Ondrej Pavelec with a rebound.
5:57 of 3rd period - Minor Penalty to Nate Prosser for Cross-checking.
5:58 of 3rd period - Robert Nilsson wins face-off versus Sidney Crosby in Senateurs zone.
6:30 of 3rd period - Slapshot by Jamie McBain.
6:30 of 3rd period - Shot Blocked by Dion Phaneuf.
6:32 of 3rd period - Slapshot by Alex Goligoski.
6:32 of 3rd period - Canucks goal is going for a video replay.
6:32 of 3rd period - The goal is refused. The goalkeeper has been pushed into the net together with the puck after making a save..
6:33 of 3rd period - Sidney Crosby wins face-off versus Nick Palmieri in Senateurs zone.
7:00 of 3rd period - Daniel Briere is hit by Joni Pitkanen and loses puck.
7:35 of 3rd period - Phil Kessel is hit by Marc Savard and loses puck.
7:57 of 3rd period - Penalty to Nate Prosser is over, Nate Prosser is back on ice.
8:00 of 3rd period - Off-side.
8:01 of 3rd period - Colton Gillies wins face-off versus Stephane Da Costa in neutral zone.
8:08 of 3rd period - Backhand shot by Joni Pitkanen.
8:08 of 3rd period - Shot Misses the Net.
8:14 of 3rd period - Ryan Hollweg is hit by Joni Pitkanen and loses puck.
8:27 of 3rd period - Marc Savard is hit by Radim Vrbata.
8:41 of 3rd period - Marc Savard is hit by Daniel Briere and loses puck.
9:18 of 3rd period - Wrist shot by Jeremy Morin.
9:18 of 3rd period - Shot Misses the Net.
9:35 of 3rd period - Wrist shot by Sergei Kostitsyn.
9:35 of 3rd period - Stopped by Jacob Markstrom without a rebound.
9:36 of 3rd period - Sidney Crosby wins face-off versus Robert Nilsson in Canucks zone.
10:06 of 3rd period - Slapshot by Brandon Sutter.
10:06 of 3rd period - Stopped by Ondrej Pavelec with a rebound.
10:08 of 3rd period - Slapshot by Brandon Saad.
10:08 of 3rd period - Stopped by Ondrej Pavelec without a rebound.
10:09 of 3rd period - Evgeni Malkin wins face-off versus Brandon Sutter in Senateurs zone.
10:57 of 3rd period - Off-side.
10:58 of 3rd period - Michel Ouellet wins face-off versus Colton Gillies in neutral zone.
11:30 of 3rd period - Snap shot by Robert Nilsson.
11:30 of 3rd period - Shot Blocked by Colby Armstrong.
11:32 of 3rd period - Snap shot by Jason Zucker.
11:32 of 3rd period - Deflect By Robert Nilsson.
11:32 of 3rd period - Shot Blocked by Colby Armstrong.
11:32 of 3rd period - Puck is out of play.
11:33 of 3rd period - Sidney Crosby wins face-off versus Robert Nilsson in Senateurs zone.
11:35 of 3rd period - Minor Penalty to Nate Prosser for Cross-checking.
11:36 of 3rd period - Robert Nilsson wins face-off versus Sidney Crosby in Senateurs zone.
12:02 of 3rd period - Brandon Saad is hit by Phil Kessel and loses puck.
12:11 of 3rd period - Slapshot by Phil Kessel.
12:11 of 3rd period - Stopped by Jacob Markstrom with a rebound.
12:13 of 3rd period - Slapshot by Phil Kessel.
12:13 of 3rd period - Shot Blocked by Alex Goligoski.
13:26 of 3rd period - Icing by Nick Palmieri.
13:27 of 3rd period - Marc Savard wins face-off versus Sidney Crosby in Canucks zone.
13:35 of 3rd period - Penalty to Nate Prosser is over, Nate Prosser is back on ice.
13:46 of 3rd period - Wrist shot by Sidney Crosby.
13:46 of 3rd period - Stopped by Jacob Markstrom with a rebound.
13:48 of 3rd period - Slapshot by Sidney Crosby.
13:48 of 3rd period - Shot Blocked by Alex Goligoski.
13:50 of 3rd period - Wrist shot by Evgeni Malkin.
13:50 of 3rd period - Shot Misses the Net.
13:52 of 3rd period - Snap shot by Nate Prosser.
13:52 of 3rd period - Goal by Nate Prosser - Canucks : 3 - Senateurs : 3.
13:53 of 3rd period - Robert Nilsson wins face-off versus Daniel Briere in neutral zone.
14:12 of 3rd period - Minor Penalty to Robert Nilsson for Tripping.
14:13 of 3rd period - Jesper Fast wins face-off versus Sidney Crosby in Canucks zone.
14:19 of 3rd period - Jamie McBain is hit by Phil Kessel and loses puck.
14:28 of 3rd period - Snap shot by Jamie Benn.
14:28 of 3rd period - Stopped by Jacob Markstrom without a rebound.
14:29 of 3rd period - Jesper Fast wins face-off versus Sidney Crosby in Canucks zone.
14:33 of 3rd period - Off-side.
14:34 of 3rd period - Sidney Crosby wins face-off versus Jesper Fast in neutral zone.
15:11 of 3rd period - Icing by Evgeni Malkin.
15:12 of 3rd period - Evgeni Malkin wins face-off versus Brandon Sutter in Senateurs zone.
15:17 of 3rd period - Wrist shot by Dion Phaneuf.
15:17 of 3rd period - Stopped by Jacob Markstrom with a rebound.
15:19 of 3rd period - Slapshot by Cody Franson.
15:19 of 3rd period - Stopped by Jacob Markstrom with a rebound.
15:21 of 3rd period - Snap shot by Cody Franson.
15:21 of 3rd period - Shot Misses the Net.
15:25 of 3rd period - Slapshot by Evgeni Malkin.
15:25 of 3rd period - Stopped by Jacob Markstrom without a rebound.
15:26 of 3rd period - Sidney Crosby wins face-off versus Jesper Fast in Canucks zone.
16:12 of 3rd period - Penalty to Robert Nilsson is over, Robert Nilsson is back on ice.
16:28 of 3rd period - Slapshot by Drew Fata.
16:28 of 3rd period - Goal by Drew Fata - Canucks : 4 - Senateurs : 3.
16:29 of 3rd period - Robert Nilsson wins face-off versus Daniel Briere in neutral zone.
16:55 of 3rd period - Nate Prosser is hit by Jeremy Morin and loses puck.
17:31 of 3rd period - Minor Penalty to Jesper Fast for Slashing.
17:32 of 3rd period - Jamie Benn wins face-off versus Robert Nilsson in Canucks zone.
17:59 of 3rd period - Dion Phaneuf is hit by Marc Savard and loses puck.
19:02 of 3rd period - Daniel Sedin is hit by Jamie McBain and loses puck.
19:31 of 3rd period - Penalty to Jesper Fast is over, Jesper Fast is back on ice.
Goals for this period are 2 for Canucks vs 2 for Senateurs.
Shots for this period are 10 for Canucks vs 10 for Senateurs.
Back to the Top